AoeStats
← Horizon

Arena

509106964Analyzed
4v4 RM · 7d ago on Sep 25, 2026· 16m 50s· 8 players
Game mode
Random Map
Map size
Large (8 player)
Population
200
Speed
Normal
Resources
Standard
Victory
Conquest
Starting age
Dark Age
Ending age
Imperial Age
RankedLock teamsTeams togetherTeam positionsShared explorationLock speedFull tech treeHidden civsTurbo modeCheats
Victory
Defeat
🇵🇰 Teutons · Pakistan
1515
+12
🇳🇱 Khmer · Netherlands
1508
+12
🇵🇪 Bohemians · Peru
1482
+13
🇨🇳 Saracens · China
1419
+17
🇨🇳 Saxons · China
1554
-18
🇦🇷 Danes · Argentina
1461
-15
🇨🇳 Burmese · China
1455
-14
🇨🇳 Saxons · China
1240
-7
AttachedPoet380
10:51 Feudal Age
13:41 Castle Age
12:06 Double-Bit Axe
12:03 Horse Collar
12:55 Loom
14:37 Bow Saw
Meliod27
11:20 Feudal Age
10:05 Loom
12:32 Feudal Age
17:00 Castle Age
15:01 Fletching
15:35 Horse Collar
16:14 Double-Bit Axe
徽sir
10:39 Feudal Age
12:33 Double-Bit Axe
14:50 Castle Age
12:32 Horse Collar
16:07 Bow Saw
17:12 Wheelbarrow
Horizon
5:58 Loom
8:33 Feudal Age
9:15 Town Watch
10:01 Fletching
17:01 Double-Bit Axe
欲买桂花
10:34 Feudal Age
14:26 Castle Age
12:19 Double-Bit Axe
12:31 Horse Collar
13:30 Loom
15:07 Town Watch
15:56 Bow Saw
垃圾小士兵
10:47 Feudal Age
11:43 Horse Collar
14:28 Castle Age
15:39 Heavy Plow
星梦
7:47 Loom
10:36 Feudal Age
15:11 Castle Age
不会玩游戏
6:08 Loom
9:08 Feudal Age
9:38 Town Watch
11:00 Fletching
Connection lost

Rejoining the realm…

Still unreachable

The connection could not be restored.

Session expired

The server has moved on; the page needs a fresh start.